 Dungeon Crawl Stone Soup version 0.31-a0-1009-g454b1f1e0a (webtiles) character file.

Game seed: 968311606537211731

6 kae the Vexing (level 1, -1/13 HPs)
             Began as a Demonspawn Enchanter on Nov 14, 2023.
             Slain by a gnoll
             ... wielding a +0 whip
              (10 damage)
             ... on level 1 of the Dungeon.
             The game lasted 00:00:20 (445 turns).

kae the Vexing (Demonspawn Enchanter)                Turns: 445, Time: 00:00:20

Health: -1/13      AC:  2    Str:  8    XL:     1   Next: 75%
Magic:  3/3        EV: 11    Int: 16    God:
Gold:   65         SH:  4    Dex: 13    Spells: 4/4 levels left

rFire   . . .        a - +1 dagger
rCold   . . .        g - +0 buckler
rNeg    . . .        b - +0 robe
rPois   .            (no helmet)
rElec   .            (no cloak)
rCorr   .            (no gloves)
SInv    .            (no boots)
Will    .....        (no amulet)
Stlth   ++           (no ring)
HPRegen 0.22/turn    (no ring)
MPRegen 0.08/turn

%: no passive effects
@: no status effects
A: no striking features
a: no special abilities


You were on level 1 of the Dungeon.
You visited 1 branch of the dungeon, and saw 1 of its levels.

You collected 65 gold pieces.


   Skills:
 * Level 1.2 Short Blades
 - Level 1.7 Dodging
 + Level 2.7 Stealth
 + Level 0.0 Shields
 + Level 2.0 Spellcasting
 * Level 3.1 Hexes


You had 4 spell levels left.
You didn't know any spells.
Your spell library contained the following spells:

 Spells                   Type           Power      Damage    Failure   Level
 Ensorcelled Hibernation  Hex/Ice        12%        N/A       26%         2
 Confusing Touch          Hex            11%        N/A       26%         3
 Tukima's Dance           Hex            11%        N/A       26%         3
 Dazzling Flash           Conj/Hex       12%        N/A       45%         3

Inventory:

Hand Weapons
 a - a +1 dagger (weapon)
Missiles
 d - 2 javelins
 e - 4 boomerangs
 f - 9 stones
Armour
 b - a +0 robe (worn)
 g - a +0 buckler (worn)
   (You found it on level 1 of the Dungeon)
Jewellery
 C - a ring of protection from cold
   (You found it on level 1 of the Dungeon)
Potions
 c - 3 potions of invisibility

Dungeon Overview and Level Annotations

Branches:
Dungeon (1/15) Zot: 5554

Altars:

##############
#..............
..#...[.....###
.##.........#
##.#..........#
#>.#..........##
#######.##...........#
#....g#.##...........##
#@....#...###.#...
#..####.### #.#### #w.#
#.# #....# ....# #.#
####.# ......
#.########## ###.....
#........... #.?...
############ #....)#


You could see a gnoll and a dart slug.


Message History

You puncture the bat!
You kill the bat!
No target in view!
You open the door.
There is an open door here.
You open the door.
There is an open door here.
There is an open door here.
There is an open door here.
You open the door.
There is an open door here.
There is a staircase leading out of the dungeon here.
There is an open door here.
You open the door.
There is an open door here.
You open the door.
There is an open door here.
You now have 33 gold pieces (gained 9).
A ball python comes into view.
An endoplasm comes into view.
The ball python hisses angrily.
The endoplasm moves out of view.
The ball python barely misses you. The ball python grabs you.
The ball python constricts you.
You hit the ball python.
You kill the ball python!
No target in view!
No target in view!
No target in view!
No target in view!
No target in view!
No target in view!
Unknown command.
f - 6 stones
There are no items here.
You see here a +0 buckler.
g - a +0 buckler You start putting on your armour.
You continue putting on your +0 buckler. x4
You finish putting on your +0 buckler.
C - a ring of protection from cold No target in view!
No target in view!
You now have 47 gold pieces (gained 14).
f - 9 stones (gained 3)
Found a stone staircase leading down.
No target in view!
No target in view!
Okay, then.
You now have 57 gold pieces (gained 10).
There is a stone staircase leading down here.
You now have 65 gold pieces (gained 8).
A rat comes into view.
A rat is nearby!
A rat is nearby!
You block the rat's attack.
You hit the rat. The rat bites you but does no damage.
A rat is nearby!
You hit the rat.
You kill the rat!
No target in view!
You see here a bat corpse.
Key pressed, stopping explore.
No target in view!
No target in view!
You see here a +0 robe.
You see here a +0 robe.
There is an open door here.
There is an open door here.
There is an open door here.
There is an open door here.
There is an open door here.
There is an open door here.
Key pressed, stopping explore.
No target in view!
No target in view!
A gnoll comes into view. It is wielding a +0 whip.
A gnoll is nearby!
A dart slug comes into view.
Found a scroll labelled DITURCH HIPH.
Found a stone staircase leading down.
There are monsters nearby!
The gnoll shouts!
The gnoll barely misses you.
There are monsters nearby!
You completely miss the gnoll. The dart slug launches a dart at you.
The slug dart hits you. The gnoll closely misses you.
You are too injured to fight recklessly! 😮 HP[-4]
You take 4 damage, and now have 9/13 hp.
MASSIVE DAMAGE!! (PAUSE)
You hit the gnoll. The gnoll closely misses you.
Unknown command.
You closely miss the gnoll. The gnoll barely misses you.
You hit the gnoll but do no damage. The gnoll closely misses you.
Unknown command.
You closely miss the gnoll. The gnoll hits you with a +0 whip!
Ouch! That really hurt!
You die...

Skill      XL: |  1 |
---------------+----+-----
Short Blades   | 1 |  1.2
Dodging        | |  1.7
Stealth        | |  2.7
Spellcasting   | |  2.0
Hexes          | |  3.1

Action                     || total
---------------------------++-------
  Melee: Dagger            ||    23
   Stab: Sleeping          ||     2
 Armour: Robe              ||     7
  Dodge: Dodged            ||    14
  Block: Buckler           ||     1

Levels and vault maps discovered:
D:1:      minmay_arrival_doors, layout_basic

Notes
Turn   | Place    | Note
-------+----------+-------------------------------------------
     0 | D:1      | kae the Demonspawn Enchanter began the quest for the Orb.
     0 | D:1      | Reached XP level 1. HP: 13/13 MP: 3/3
     0 | D:1      | magus.rc [v1.11.3]
    70 | D:1      | Reached skill level 1 in Short Blades
   445 | D:1      | Slain by a gnoll

Vanquished Creatures
  A goblin (D:1)
  A hobgoblin (D:1)
  A ball python (D:1)
  A bat (D:1)
  A frilled lizard (D:1)
  2 rats (D:1)
7 creatures vanquished.

Table legend:
 A = Non-vault XP
 B = Vault XP
 C = Vault XP percentage of total XP
 D = Non-vault monster count
 E = Vault monster count
 F = Vault count percentage of total count
                 A         B        C        D         E       F
            +---------+---------+-------+---------+---------+-------
      Total |       9 |       0 |   0.0 |       7 |       0 |   0.0
            +---------+---------+-------+---------+---------+-------
        D:1 |       9 |       0 |   0.0 |       7 |       0 |   0.0
            +---------+---------+-------+---------+---------+-------

Skill      XL: |  1 |
---------------+----+-----
Short Blades   | 1 |  1.2
Dodging        | |  1.7
Stealth        | |  2.7
Spellcasting   | |  2.0
Hexes          | |  3.1

Action                     || total
---------------------------++-------
  Melee: Dagger            ||    23
   Stab: Sleeping          ||     2
 Armour: Robe              ||     7
  Dodge: Dodged            ||    14
  Block: Buckler           ||     1

Illustrated notes

Table legend:
 A = Kills in this place as a percentage of kills in the entire game.
 B = Kills by you in this place as a percentage of kills by you in the entire game.
 C = Kills by friends in this place as a percentage of kills by friends in the entire game.
 D = Other kills in this place as a percentage of other kills in the entire game.
 E = Experience gained in this place as a percentage of experience gained in the entire game.
 F = Experience gained in this place divided by the number of levels of this place that you have seen.
                   A       B       C       D       E      F
               +-------+-------+-------+-------+-------+----------------------
         Total | 100.0 | 100.0 |   N/A |   N/A | 100.0 |   9.0
       Dungeon | 100.0 | 100.0 |   N/A |   N/A | 100.0 |   9.0
               +-------+-------+-------+-------+-------+----------------------

Table legend: (Time is in decaauts)
 A = Elapsed time spent in this place.
 B = Non-inter-level travel time spent in this place.
 C = Inter-level travel time spent in this place.
 D = Time resting spent in this place.
 E = Time spent auto-exploring this place.
 F = Levels seen in this place.
 G = Mean time per level.
                   A        B        C        D        E       F      G
               +--------+--------+--------+--------+--------+-----+--------+
         Total |    444 |    444 |      0 |      0 |    365 |   1 |  444.0 |
       Dungeon |    444 |    444 |      0 |      0 |    365 |   1 |  444.0 |
               +--------+--------+--------+--------+--------+-----+--------+

Top non-repeatable levels by time:
     D:1: 444 daAuts
